 Dungeon Crawl Stone Soup version 0.29.1-4-g47bece8355 (webtiles) character file.

Game seed: 17711876320869154035

15 Linkola the Trooper (level 2, -3/27 HPs)
             Began as a Minotaur Fighter on Dec 11, 2022.
             Frozen to death by an endoplasm (5 damage)
             ... on level 1 of the Dungeon.
             The game lasted 00:00:46 (102 turns).

Linkola the Trooper (Minotaur Fighter)               Turns: 102, Time: 00:00:46

Health: -3/27      AC:  7    Str: 20    XL:     2   Next: 34%
Magic:  1/1        EV:  9    Int:  5    God:
Gold:   0          SH:  4    Dex:  9    Spells: 1/1 levels left

rFire   . . .      SeeInvis .   a - +0 long sword
rCold   . . .      Faith    .   c - +0 buckler
rNeg    . . .      Spirit   .   b - +0 scale mail
rPois   .          Reflect  .   (helmet restricted)
rElec   .          Harm     .   (no cloak)
rCorr   .          Rampage  .   (no gloves)
Will    .....                   (no boots)
Stlth   ..........              (no amulet)
HPRegen 0.09/turn               (no ring)
MPRegen 0.07/turn               (no ring)

@: no status effects
A: horns 2, retaliatory headbutt
a: no special abilities


You were on level 1 of the Dungeon.
You visited 1 branch of the dungeon, and saw 1 of its levels.

Inventory:

Hand Weapons
 a - a +0 long sword (weapon)
Armour
 b - a +0 scale mail (worn)
 c - a +0 buckler (worn)
Scrolls
 e - a scroll of summoning {unknown}
Potions
 d - a potion of might
 f - a potion of curing {unknown}


   Skills:
 + Level 3.9 Fighting
 + Level 2.4 Long Blades
 * Level 1.0 Throwing
 + Level 3.9 Armour
 + Level 3.8 Shields


You had one spell level left.
You didn't know any spells.
Your spell library was empty.

Dungeon Overview and Level Annotations

Branches:
Dungeon (1/15)

Altars:


Innate Abilities, Weirdness & Mutations

You have a pair of horns on your head.
You reflexively headbutt those who attack you in melee.


Message History

The goblin barely misses you. You furiously retaliate!
You headbutt the goblin. You slash the goblin!
You kill the goblin!
Things that are here:
a +0 club; a goblin corpse You start resting.
A giant cockroach comes into view.
Things that are here:
a ball python corpse; a jackal corpse
Things that are here:
a +0 club; a goblin corpse
Items here: ) †††.
f - a +0 dagger A hobgoblin comes into view.
You drop a +0 dagger.
The hobgoblin shouts!
You see here a ball python corpse.
You slash the giant cockroach!
You kill the giant cockroach!
Your Throwing skill increases to level 1!
You see here a giant cockroach corpse.
You hit the hobgoblin.
The hobgoblin is moderately wounded.
The hobgoblin hits you but does no damage.
You closely miss the hobgoblin.
The hobgoblin is moderately wounded.
The hobgoblin hits you.
* * * LOW HITPOINT WARNING * * *
You block the hobgoblin's attack.
You hit the hobgoblin.
You kill the hobgoblin!
f - an orange potion
Things that are here:
a hobgoblin corpse; a ball python corpse
Items here: ) †††.
An endoplasm comes into view.
The endoplasm quivers.
The endoplasm freezes you.
You are frozen.
You die...

....#### ...) ..
#....##...##.. .#.
#####.#.##...$. ..
#....#...#..#.# .# #
#..##.#..#..#.###.#.###.
##..####......##..#.....
#..#######...........#
..##....#)†..........###
.##....††)......@.......
##......###....J#...###.
#.......##..........#
#.............?.......
####...##..........##...
#.................. ..
#...#.......#........ .
....#...#####........


You could see an endoplasm.

Vanquished Creatures
  An endoplasm (D:1)
  A giant cockroach (D:1)
  2 goblins (D:1)
  A hobgoblin (D:1)
  2 jackals (D:1)
  4 ball pythons (D:1)
  A bat (D:1)
  A rat (D:1)
13 creatures vanquished.

Notes
Turn   | Place    | Note
-------+----------+-------------------------------------------
     0 | D:1      | Linkola the Minotaur Fighter began the quest for the Orb.
     0 | D:1      | Reached XP level 1. HP: 19/19 MP: 0/0
    48 | D:1      | Reached XP level 2. HP: 3/27 MP: 1/1
    50 | D:1      | HP: 1/27 [goblin/+0 club (2)]
    89 | D:1      | Reached skill level 1 in Throwing
    91 | D:1      | HP: 1/27 [hobgoblin (4)]
   102 | D:1      | Frozen to death by an endoplasm

Illustrated notes

Levels and vault maps discovered:
D:1:      lemuel_arrival_tunnels, layout_rooms, serial_shops, shop,
          dreamdust_ecumenical_altar_drowned_temple

Skill      XL: |  1  2 |
---------------+-------+-----
Throwing       | 1 |  1.0
Fighting       | |  3.9
Long Blades    | |  2.4
Armour         | |  3.9
Shields        | |  3.8

Action                   || total
-------------------------++-------
Melee: Long sword        ||    29
       Headbutt          ||     3
Armor: Scale mail        ||    23
Dodge: Dodged            ||    20
Block: Buckler           ||    12
